 Dungeon Crawl Stone Soup version 0.31-a0-240-gb923e448b6 (webtiles) character file.

Game seed: 2206740683141387497

88 qw the Shooter (level 4, 0/26 HPs)
             Began as a Gargoyle Hexslinger on July 11, 2023.
             Slain by Grinder (7 damage)
             ... on level 3 of the Dungeon.
             The game lasted 00:00:36 (1382 turns).

qw the Shooter (Gargoyle Hexslinger)                Turns: 1382, Time: 00:00:36

Health: 0/26       AC:  8    Str: 11    XL:     4   Next: 53%
Magic:  5/5        EV: 10    Int: 14    God:
Gold:   38         SH:  0    Dex: 14    Spells: 4/5 levels left

rFire   . . .        h - +1 sling (heavy)
rCold   . . .        (no shield)
rNeg    + . .        d - +0 ring mail
rPois   inf          (no helmet)
rElec   +            (no cloak)
rCorr   .            (no gloves)
SInv    .            (no boots)
Will    .....        (no amulet)
Stlth   +            (no ring)
HPRegen 0.24/turn    (no ring)
MPRegen 0.09/turn

%: no passive effects
@: no status effects
A: sickness immunity, AC +3, negative energy resistance 1, electricity
resistance, torment resistance 1, petrification resistance
a: no special abilities


You were on level 3 of the Dungeon.
You visited 1 branch of the dungeon, and saw 4 of its levels.

You collected 96 gold pieces.
You spent 58 gold pieces at shops.


Innate Abilities, Weirdness & Mutations

You are immune to sickness and miasma.
Your stone body is resilient. (AC +3)
You are immune to poison.
You resist negative energy. (rN+)
You are resistant to electric shocks. (rElec)
You are resistant to unholy torment.
You are immune to petrification.


   Skills:
 - Level 2.0 Fighting
 + Level 4.1 Ranged Weapons
 - Level 1.0 Armour
 - Level 1.5 Dodging
 - Level 1.0 Spellcasting
 - Level 2.6 Hexes


You had 4 spell levels left.
You knew the following spells:

 Your Spells              Type           Power      Damage    Failure   Level
a - Slow                  Hex            32%        N/A       21%         1

Your spell library contained the following spells:

 Spells                   Type           Power      Damage    Failure   Level
 Inner Flame              Hex/Fire       4%         N/A       71%         3
 Portal Projectile        Hex/Tloc       8%         N/A       71%         3
 Cause Fear               Hex            4%         N/A       90%         4

Inventory:

Hand Weapons
 h - a +1 heavy sling (weapon)
Armour
 d - a +0 ring mail (worn)
Scrolls
 b - a scroll of identify
Potions
 c - a potion of degeneration {unknown}
 e - 2 potions of enlightenment
 f - 2 potions of curing
 g - a potion of mutation {unknown}
 i - a potion of heal wounds {unknown}

Dungeon Overview and Level Annotations

Branches:
Dungeon (4/15)
 Temple: D:4-7

Altars:
Fedhas

Shops:
D:1 !   D:2 !*!

Annotations:
D:3 Grinder


Message History

Are you sure you want to cancel this blink?
As you read the scroll labelled VENUUF MEOVUTA, it crumbles to dust.
It was a scroll of blinking.
1374 ||| READING 2 scrolls of identify.
As you read the scroll of identify, it crumbles to dust.
a - a potion of invisibility
1374 ||| IDENTIFYING bubbling ruby potion
1375 ||| DROPPING potion of invisibility.
You drop a potion of invisibility.
(D) Dungeon
Where to? (* - list waypoints, Enter - D:3, ? - help)
What level of the Dungeon? (default 1, ? - help) Grinder comes into view.
Found a stone staircase leading down.
Grinder shouts!
Grinder moves out of view.
Enter note:
(D) Dungeon
Where to? (* - list waypoints, Enter - D:2, ? - help)
What level of the Dungeon? (default 1, ? - help)
Found a scroll of poison.
You see here a +0 club.
Grinder is nearby!
Enter note:
Enter note: You shoot a sling bullet.
The sling bullet barely misses Grinder.
You shoot a sling bullet. The sling bullet hits Grinder.
Grinder is lightly wounded.
Grinder blinks!
Grinder closely misses you.
You shoot a sling bullet.
The sling bullet closely misses Grinder.
Grinder hits you.
You writhe in agony.
Grinder hits you.
You writhe in agony.
You shoot a sling bullet. The sling bullet hits Grinder.
Grinder is moderately wounded.
Grinder gestures at you.
You barely resist. Grinder hits you but does no damage.
You shoot a sling bullet. The sling bullet hits Grinder.
Grinder is moderately wounded.
Grinder hits you!
You writhe in agony.
Grinder hits you!
You die...

#.....+.............
..
#.....#.........#....
#####.#.........#..##
#.#.......#......
#.......#.#.#....
#######.#.####.#
#.#....#...
#!#5....... #..@#..
####..<.... .......
.?..... .....>.
#...... ...... ######


You could see Grinder.

Vanquished Creatures
  4 adders
  4 worms (D:2)
  An orc (D:3)
  5 ball pythons
  3 bats
  3 endoplasms
  4 hobgoblins
  3 jackals (D:1)
  A quokka (D:2)
  2 frilled lizards
  4 goblins
  2 kobolds
  4 rats (D:2)
40 creatures vanquished.

Notes
Turn   | Place    | Note
-------+----------+-------------------------------------------
     0 | D:1      | qw the Gargoyle Hexslinger began the quest for the Orb.
     0 | D:1      | Reached XP level 1. HP: 12/12 MP: 2/2
     0 | D:1      | 0 ||| qw: Version: 0.3-a-52-g30416fa
     0 | D:1      | 0 ||| qw: Game counter: 6004
     0 | D:1      | 0 ||| qw: Melee chars always use a shield: true
     0 | D:1      | 0 ||| qw: God list: Okawaru
     0 | D:1      | 0 ||| qw: Allow faded altars: false
     0 | D:1      | 0 ||| qw: Do Orc after clearing Dungeon:15 true
     0 | D:1      | 0 ||| qw: Do second Lair branch before Depths: true
     0 | D:1      | 0 ||| qw: Lair rune preference: random
     0 | D:1      | 0 ||| qw: Goals: Normal
     0 | D:1      | 0 ||| PLANNING D:1-11
   181 | D:1      | Reached XP level 2. HP: 16/16 MP: 3/3
   478 | D:1      | Reached skill level 3 in Ranged Weapons
   703 | D:1      | Found Biodgh's Distillery.
   712 | D:1      | 712 ||| SHOPLISTING potion of haste (100 gold, have 49).
   712 | D:1      | 712 ||| SHOPLISTING potion of heal wounds (50 gold, have
                  | 49).
   853 | D:1      | 853 ||| UPGRADING to +0 ring mail.
   863 | D:1      | 863 ||| DROPPING +0 robe.
   864 | D:1      | 864 ||| DROPPING scarf of shadows.
   865 | D:1      | 865 ||| READING scroll labelled ERAXZU VALUQI.
   866 | D:1      | 866 ||| READING scroll labelled QESETA POLUL.
   867 | D:1      | 867 ||| DROPPING scroll of poison.
   933 | D:2      | Found Ackioph's Distillery.
   946 | D:2      | Reached XP level 3. HP: 20/21 MP: 4/4
   952 | D:2      | 952 ||| SHOPLISTING potion of enlightenment (70 gold, have
                  | 49).
   952 | D:2      | 952 ||| SHOPLISTING potion of haste (140 gold, have 49).
   952 | D:2      | 952 ||| SHOPLISTING potion of mutation (112 gold, have 49).
  1067 | D:2      | Found Wanadgh's Distillery.
  1079 | D:2      | 1079 ||| BUYING potion of curing (36 gold).
  1079 | D:2      | Bought a potion of curing for 36 gold pieces
  1079 | D:2      | 1079 ||| SHOPLISTING potion of curing (36 gold, have 26).
  1079 | D:2      | 1079 ||| SHOPLISTING potion of heal wounds (60 gold, have
                  | 26).
  1079 | D:2      | 1079 ||| SHOPLISTING potion of might (48 gold, have 26).
  1079 | D:2      | 1079 ||| SHOPLISTING potion of resistance (120 gold, have
                  | 26).
  1081 | D:2      | Found Xatsyhev's Assorted Antiques.
  1098 | D:2      | Reached XP level 4. HP: 26/26 MP: 5/5
  1112 | D:2      | 1112 ||| SHOPLISTING bone ring (125 gold, have 26).
  1112 | D:2      | 1112 ||| BUYING murky amethyst potion (22 gold).
  1112 | D:2      | Bought a murky amethyst potion for 22 gold pieces
  1112 | D:2      | 1112 ||| SHOPLISTING scroll labelled ECUTEE ARAORCH (25
                  | gold, have 4).
  1112 | D:2      | 1112 ||| SHOPLISTING scroll labelled VIS CATRUUTEKO (25
                  | gold, have 4).
  1112 | D:2      | 1112 ||| SHOPLISTING scroll of identify (50 gold, have 4).
  1197 | D:2      | You fall into a shaft and drop 2 floors!
  1241 | D:4      | Reached skill level 4 in Ranged Weapons
  1283 | D:4      | 1283 ||| READING scroll labelled ECUTEE ARAORCH.
  1284 | D:4      | 1284 ||| DRINKING 3 murky amethyst potions.
  1304 | D:3      | Found a blossoming altar of Fedhas.
  1320 | D:3      | Reached skill level 1 in Armour
  1373 | D:3      | 1373 ||| READING scroll labelled VENUUF MEOVUTA.
  1374 | D:3      | 1374 ||| READING 2 scrolls of identify.
  1374 | D:3      | 1374 ||| IDENTIFYING bubbling ruby potion
  1375 | D:3      | 1375 ||| DROPPING potion of invisibility.
  1376 | D:3      | Noticed Grinder
  1382 | D:3      | Slain by Grinder

Levels and vault maps discovered:
D:1:      sevenhm_arrival_forest_fort_small_5, layout_loops_corners,
          serial_shops, nicolae_shop_just_a_little_nook
D:2:      layout_rooms, serial_shops, shop, shop, shop_fountains,
          nicolae_figureground_pulse
D:3:      layout_basic, fedhas_altar_2, moated_statue, solitary_fountain,
          uniq_natasha, uniq_grinder
D:4:      layout_layer_cave, gammafunk_ghost_necromancy

Skill      XL: |  1  2  3  4 |
---------------+-------------+-----
Ranged Weapons | 3 4 |  4.1
Fighting       | 2 |  2.0
Armour         | 1 |  1.0
Dodging        | |  1.5
Spellcasting   | |  1.0
Hexes          | |  2.6

Action                     |  1- 3 |  4- 6 || total
---------------------------+-------+-------++-------
   Fire: Sling             |    94 |    29 ||   123
    Use: Scroll            |     2 |     3 ||     5
         Potion            |       |     1 ||     1
 Armour: Robe              |    10 |       ||    10
         Ring mail         |    22 |    13 ||    35
  Dodge: Dodged            |    40 |    12 ||    52

Table legend:
 A = Non-vault XP
 B = Vault XP
 C = Vault XP percentage of total XP
 D = Non-vault monster count
 E = Vault monster count
 F = Vault count percentage of total count
                 A         B        C        D         E       F
            +---------+---------+-------+---------+---------+-------
      Total |     126 |       0 |   0.0 |      40 |       0 |   0.0
            +---------+---------+-------+---------+---------+-------
        D:1 |      25 |       0 |   0.0 |      15 |       0 |   0.0
        D:2 |      65 |       0 |   0.0 |      18 |       0 |   0.0
        D:3 |      20 |       0 |   0.0 |       5 |       0 |   0.0
        D:4 |      16 |       0 |   0.0 |       2 |       0 |   0.0
            +---------+---------+-------+---------+---------+-------
